[Event "ICC tourney 2808 (40 10)"]
[Site "Internet Chess Club"]
[Date "2022.01.29"]
[Round "1"]
[White "ZHANG, FRED:Fredzhang"]
[Black "LEE, JEFFREY ALAN:jleecbd"]
[Result "1-0"]
[ICCResult "Black resigns"]
[WhiteElo "1494"]
[BlackElo "1140"]
[Opening "Caro-Kann: two knights, 3...Bg4"]
[ECO "B10"]
[NIC "CK.01"]
[Time "11:00:53"]
[PlyCount "79"]
[TimeControl "2400+10"]

1. e4 c6 2. Nf3 d5 3. Nc3 Bg4 4. exd5 cxd5 5. h3 Bh5 6. Bb5+ Nd7 7. Nxd5 e6
8. Bxd7+ Qxd7 9. Nc3 Nf6 10. d3 Bb4 11. Bd2 O-O 12. Ne4 Bxd2+ 13. Nexd2 e5
14. O-O Rfe8 15. Re1 Re6 16. g4 Bg6 17. Nxe5 Rae8 18. Nxd7 Rxe1+ 19. Qxe1
Rxe1+ 20. Rxe1 h6 21. Nxf6+ gxf6 22. Ne4 Kg7 23. Nd6 b6 24. Nc8 h5 25. f3
hxg4 26. fxg4 f5 27. gxf5 Bxf5 28. Kh2 Bxc8 29. Re7 Be6 30. a3 Kf6 31. Rxa7
Ke5 32. Rb7 Kd4 33. Rxb6 Ke3 34. a4 Kd2 35. a5 Kxc2 36. a6 Kxd3 37. a7 Bd5
38. Rd6 Kc4 39. Rxd5 Kxd5 40. a8=Q+ {Black resigns} 1-0

[Event "ICC tourney 2808 (40 10)"]
[Site "Internet Chess Club"]
[Date "2022.01.29"]
[Round "1"]
[White "SREEKUMAR, GAYATHRI:K01-30061958"]
[Black "FILOSOFOV, VASILII:Filosofov"]
[Result "0-1"]
[ICCResult "White checkmated"]
[WhiteElo "933"]
[BlackElo "1379"]
[Opening "Neo-Grünfeld, 6.O-O"]
[ECO "D77"]
[NIC "GI.02"]
[Time "11:00:40"]
[PlyCount "72"]
[TimeControl "2400+10"]

1. Nf3 Nf6 2. d4 g6 3. g3 d5 4. Bg2 Bg7 5. O-O O-O 6. c4 dxc4 7. Nc3 Nc6 8.
Re1 Bg4 9. e4 Bxf3 10. Bxf3 Qxd4 11. Qxd4 Nxd4 12. Bd1 Rfd8 13. Be3 b5 14.
Bxd4 Rxd4 15. Nxb5 Rxe4 16. Rxe4 Nxe4 17. Nxc7 Bxb2 18. Rb1 Rb8 19. Bf3 Nd2
20. Na6 Rb6 21. Rd1 Nxf3+ 22. Kg2 Rxa6 23. Kxf3 c3 24. Rd8+ Kg7 25. Re8 c2
26. Rc8 c1=Q 27. Rxc1 Bxc1 28. Kg2 Rxa2 29. Kf1 a5 30. Ke1 Rd2 31. Kf1 a4
32. Ke1 a3 33. Kf1 a2 34. Ke1 a1=Q 35. Kf1 Qd4 36. Ke1 Qxf2# {White
checkmated} 0-1

[Event "ICC tourney 2808 (40 10)"]
[Site "Internet Chess Club"]
[Date "2022.01.29"]
[Round "1"]
[White "Liwat, Lowell K:moneymo"]
[Black "Zhong, Evan:zhangsai01"]
[Result "1-0"]
[ICCResult "Black checkmated"]
[WhiteElo "1392"]
[BlackElo "940"]
[Opening "Sicilian: Alapin's variation (2.c3)"]
[ECO "B22"]
[NIC "SI.46"]
[Time "11:01:27"]
[PlyCount "117"]
[TimeControl "2400+10"]

1. e4 c5 2. c3 d5 3. e5 Nc6 4. d4 cxd4 5. cxd4 Bf5 6. f4 e6 7. Nc3 Nb4 8.
Bb5+ Nc6 9. Nf3 Bb4 10. Bd3 Nge7 11. O-O O-O 12. Ne2 Qb6 13. a3 Ba5 14. b4
Bxb4 15. axb4 Nxb4 16. Bxf5 Nxf5 17. g4 Ne7 18. Kg2 Rac8 19. h4 Nc2 20. Ra2
Qb3 21. Rxa7 Nc6 22. Rxb7 Qxb7 23. Qxc2 Nxd4 24. Qd3 Nxe2 25. Qxe2 Qb3 26.
Nd4 Qa4 27. Be3 Rc4 28. Qd3 Rfc8 29. Ne2 Re4 30. Rc1 Rxc1 31. Bxc1 Qc4 32.
Qxc4 Rxc4 33. Kf3 g6 34. Be3 Kf8 35. Nd4 Ke8 36. f5 exf5 37. gxf5 gxf5 38.
Nxf5 Re4 39. Nd6+ Kd7 40. Nxe4 dxe4+ 41. Kxe4 Ke6 42. Bg5 h6 43. Bxh6 f6 44.
Bg7 fxe5 45. Bxe5 Kf7 46. Kf5 Kg8 47. Kg6 Kf8 48. h5 Kg8 49. h6 Kf8 50. h7
Ke7 51. h8=Q Ke6 52. Qf6+ Kd5 53. Kf5 Kc4 54. Ke4 Kb3 55. Kd3 Kb4 56. Qc6
Ka5 57. Qb7 Ka4 58. Kc4 Ka3 59. Qb3# {Black checkmated} 1-0

[Event "ICC tourney 2808 (40 10)"]
[Site "Internet Chess Club"]
[Date "2022.01.29"]
[Round "1"]
[White "Bharathy Mohan, Aarav Sai:aaravbm"]
[Black "CAO, DANIEL:danielcao"]
[Result "1-0"]
[ICCResult "Black checkmated"]
[WhiteElo "896"]
[BlackElo "1318"]
[Opening "Sicilian: closed"]
[ECO "B23"]
[NIC "SI.44"]
[Time "11:00:40"]
[PlyCount "77"]
[TimeControl "2400+10"]

1. e4 c5 2. Nc3 e6 3. Nf3 d5 4. exd5 exd5 5. Be2 Nf6 6. d3 Be7 7. Bf4 Nc6 8.
O-O O-O 9. Ne5 Bf5 10. Nxc6 bxc6 11. h3 Nd7 12. Bg4 Bxg4 13. Qxg4 Nf6 14.
Qe2 h6 15. Rfe1 Re8 16. Qd2 Nh5 17. Bh2 Bg5 18. Qd1 d4 19. Rxe8+ Qxe8 20.
Ne4 f5 21. Nxg5 hxg5 22. Qe1 Qg6 23. Qa5 f4 24. Qxc5 f3 25. g4 Nf4 26. Bxf4
gxf4 27. Qxd4 Qh6 28. Kh2 Qh4 29. Rf1 g5 30. Qc4+ Kg7 31. Qxc6 Rh8 32. Qxf3
Kg6 33. Re1 Rh5 34. gxh5+ Kh6 35. Re6+ Kg7 36. Qb7+ Kf8 37. Qe7+ Kg8 38.
Rg6+ Kh8 39. Qg7# {Black checkmated} 1-0

[Event "ICC tourney 2808 (40 10)"]
[Site "Internet Chess Club"]
[Date "2022.01.29"]
[Round "1"]
[White "WESLEY, GEORGE:Maglars"]
[Black "NAGINENI, SATHVIK HRIDAY:sathvik07"]
[Result "1-0"]
[ICCResult "Black resigns"]
[WhiteElo "1227"]
[BlackElo "787"]
[Opening "English: Sicilian reversed"]
[ECO "A25"]
[NIC "EO.23"]
[Time "11:00:53"]
[PlyCount "45"]
[TimeControl "2400+10"]

1. c4 e5 2. Nc3 Nc6 3. e3 Bc5 4. g3 d6 5. Bg2 Bd7 6. Nf3 Nf6 7. O-O Bg4 8.
d4 exd4 9. Nb5 O-O 10. exd4 Bb6 11. Qd3 h6 12. Bf4 Nb4 13. Qc3 Na6 14. Rfe1
Re8 15. Re3 Rxe3 16. Qxe3 Qe8 17. Qc3 d5 18. Re1 Qd7 19. Ne5 Qf5 20. c5 Rc8
21. cxb6 cxb6 22. Qd2 Bh3 23. Nd6 {Black resigns} 1-0

[Event "ICC tourney 2808 (40 10)"]
[Site "Internet Chess Club"]
[Date "2022.01.29"]
[Round "1"]
[White "Agahian, Ryan:AgahianR"]
[Black "TOPA, RONALD:RonTopa"]
[Result "1-0"]
[ICCResult "Black resigns"]
[WhiteElo "836"]
[BlackElo "1228"]
[Opening "QGD Slav defense"]
[ECO "D10"]
[NIC "SL.01"]
[Time "11:00:47"]
[PlyCount "51"]
[TimeControl "2400+10"]

1. d4 d5 2. c4 c6 3. Nc3 Nf6 4. Bf4 a6 5. Nf3 h6 6. e3 Ne4 7. Nxe4 dxe4 8.
Nd2 Bf5 9. Qc2 e6 10. a3 Qb6 11. c5 Qc7 12. Bxc7 Be7 13. Bxb8 Rxb8 14. Nxe4
O-O 15. Bd3 Rfd8 16. Nd6 Bxd3 17. Qxd3 b6 18. b4 b5 19. a4 Bf6 20. O-O Rd7
21. axb5 axb5 22. Ra6 Rc7 23. Rfa1 Kf8 24. Ra8 Rxa8 25. Rxa8+ Ke7 26. Qh7
{Black resigns}
1-0

[Event "ICC tourney 2808 (40 10)"]
[Site "Internet Chess Club"]
[Date "2022.01.29"]
[Round "1"]
[White "SISTA, SAI VIJAY HIMAGHNA:Chessboy5"]
[Black "GUDURU, ROHAN:K09-30059169"]
[Result "1-0"]
[ICCResult "Black checkmated"]
[WhiteElo "1263"]
[BlackElo "847"]
[Opening "Queen's pawn, Mason variation"]
[ECO "D00"]
[NIC "QP.08"]
[Time "11:25:06"]
[PlyCount "65"]
[TimeControl "2400+10"]

1. d4 d5 2. Bf4 Nf6 3. e3 e6 4. c3 Nc6 5. Bd3 Be7 6. Nd2 O-O 7. Ngf3 Bd7 8.
O-O Re8 9. Ne5 Nxe5 10. dxe5 Ne4 11. Nxe4 dxe4 12. Bxe4 Bb5 13. Re1 Bg5 14.
Qh5 h6 15. Rad1 Qe7 16. Bxg5 Qxg5 17. Qxg5 hxg5 18. Bxb7 Rab8 19. Be4 Ba6
20. Rd2 Re7 21. Red1 Ree8 22. Bc6 Rf8 23. g3 Bb5 24. Bxb5 Rxb5 25. f4 g4 26.
b4 Rb7 27. a4 Kh7 28. Rd7 f5 29. e4 Kg6 30. Kf2 fxe4 31. Ke3 Kf5 32. Rxg7
Rh8 33. Rg5# {Black checkmated} 1-0

[Event "ICC tourney 2808 (40 10)"]
[Site "Internet Chess Club"]
[Date "2022.01.29"]
[Round "1"]
[White "ZHAO, DANSON:K01-30127679"]
[Black "Sreekumar, Gauri:gsgirl"]
[Result "1/2-1/2"]
[ICCResult "Game drawn by mutual agreement"]
[WhiteElo "1110"]
[BlackElo "1448"]
[Opening "Sicilian: dragon variation"]
[ECO "B70"]
[NIC "SI.15"]
[Time "11:01:27"]
[PlyCount "59"]
[TimeControl "2400+10"]

1. e4 c5 2. Nf3 d6 3. d4 cxd4 4. Nxd4 Nf6 5. Nc3 g6 6. Bd3 Bg7 7. Be3 O-O 8.
O-O Nc6 9. Nb3 Bd7 10. a3 Rc8 11. Qd2 a6 12. Bh6 Qc7 13. Bxg7 Kxg7 14. f4
Ng4 15. Qe2 Qb6+ 16. Kh1 Nd4 17. Nxd4 Qxd4 18. Rae1 b5 19. h3 Nf6 20. e5
dxe5 21. Qxe5 Qxe5 22. fxe5 Nh5 23. Kh2 Kh6 24. Nd5 Be6 25. Nf4 Nxf4 26.
Rxf4 Rc5 27. Rh4+ Kg7 28. Rhe4 Rfc8 29. R4e2 h5 30. Kg1
{Game drawn by mutual agreement}
1/2-1/2

[Event "ICC tourney 2808 (40 10)"]
[Site "Internet Chess Club"]
[Date "2022.01.29"]
[Round "1"]
[White "YUAN, DAVID:David1250"]
[Black "MADSEN, STUART:gmstuartscott"]
[Result "1-0"]
[ICCResult "Black resigns"]
[WhiteElo "1225"]
[BlackElo "717"]
[Opening "King's pawn game"]
[ECO "C50"]
[NIC "IG.03"]
[Time "11:01:12"]
[PlyCount "59"]
[TimeControl "2400+10"]

1. e4 e5 2. Nf3 Nc6 3. Bc4 h6 4. O-O Nf6 5. d3 Be7 6. Nc3 d6 7. h3 O-O 8. d4
Be6 9. d5 Nd4 10. dxe6 Nxe6 11. Bxe6 fxe6 12. Nh4 Qe8 13. Re1 Rd8 14. Be3 b6
15. a4 d5 16. exd5 Nxd5 17. Nxd5 exd5 18. Nf3 e4 19. Nd4 Bf6 20. Nb5 Bh4 21.
Qg4 Rxf2 22. Bxf2 Bxf2+ 23. Kxf2 Qf8+ 24. Kg1 Qc5+ 25. Kh1 Rf8 26. Re2 a6
27. Nc3 e3 28. Qe6+ Kh8 29. Nxd5 Qc6 30. Qxc6 {Black resigns} 1-0

[Event "ICC tourney 2808 (40 10)"]
[Site "Internet Chess Club"]
[Date "2022.01.29"]
[Round "1"]
[White "YADHUNANDAN, ADIDEV:Yadhunandan"]
[Black "CHANG, ALEXANDER:Elatedbook"]
[Result "0-1"]
[ICCResult "White checkmated"]
[WhiteElo "756"]
[BlackElo "1226"]
[Opening "QGD: Albin counter-gambit"]
[ECO "D08"]
[NIC "QG.02"]
[Time "11:00:55"]
[PlyCount "114"]
[TimeControl "2400+10"]

1. d4 d5 2. c4 e5 3. Nf3 e4 4. Nfd2 Nf6 5. Nc3 c6 6. e3 Be7 7. Be2 O-O 8.
O-O Be6 9. b3 Re8 10. cxd5 cxd5 11. f3 Bb4 12. Bb2 Bf5 13. fxe4 Nxe4 14.
Ndxe4 Bxe4 15. Nxe4 Rxe4 16. Rf3 Qe7 17. Rc1 Nc6 18. Qd3 Re8 19. Bc3 Bxc3
20. Rxc3 a6 21. g3 Nxd4 22. exd4 Rxe2 23. Rf1 Qe6 24. Rcc1 Rxa2 25. Rc2 Rxc2
26. Qxc2 Qe3+ 27. Kg2 Qe4+ 28. Qxe4 Rxe4 29. Rc1 g5 30. Rc7 b5 31. Ra7 Rxd4
32. Rxa6 Rb4 33. Rd6 d4 34. Rd5 h6 35. h4 f6 36. hxg5 hxg5 37. Kh3 Kf7 38.
Kg4 Kg6 39. Rd6 d3+ 40. Kh3 Rxb3 41. Kg2 Rb2+ 42. Kf3 d2 43. Ke2 b4 44. Kd1
b3 45. g4 Rc2 46. Rb6 Rb2 47. Rd6 Ra2 48. Rxd2 Rxd2+ 49. Kxd2 f5 50. gxf5+
Kxf5 51. Kc3 Kf4 52. Kxb3 g4 53. Kc2 g3 54. Kd1 g2 55. Ke1 Ke3 56. Kd1 Kd3
57. Ke1 g1=Q# {White checkmated} 0-1

[Event "ICC tourney 2808 (40 10)"]
[Site "Internet Chess Club"]
[Date "2022.01.29"]
[Round "1"]
[White "SUNDARAM, KAVIN:weirdchicken"]
[Black "HAMLETT, JAMES MORRISON:Hamlett144"]
[Result "1-0"]
[ICCResult "Black resigns"]
[WhiteElo "876"]
[BlackElo "1276"]
[Opening "French: advance, Nimzovich system"]
[ECO "C02"]
[NIC "FR.03"]
[Time "11:01:00"]
[PlyCount "75"]
[TimeControl "2400+10"]

1. e4 e6 2. d4 d5 3. e5 c5 4. Nf3 Nc6 5. Bb5 Qb6 6. a4 a6 7. Bxc6+ bxc6 8.
O-O cxd4 9. Nxd4 c5 10. Nb3 Bd7 11. Nc3 Ne7 12. a5 Qc7 13. Re1 Nc6 14. Na4
Nxa5 15. Naxc5 Bxc5 16. Nxa5 Bb5 17. Be3 Bb4 18. Bd2 Be7 19. Qg4 g6 20. Bc3
h5 21. Qf4 g5 22. Qd2 Kd7 23. Bb4 Bd8 24. Bd6 Qa7 25. Nb3 Bb6 26. h3 Rag8
27. c3 g4 28. h4 g3 29. Nd4 gxf2+ 30. Qxf2 Bxd4 31. cxd4 Rg7 32. Rac1 Bc6
33. Rf1 Rhh7 34. Bf8 Qa8 35. Bxg7 Rxg7 36. Qc2 Qb7 37. Qc5 Qc7 38. Qf8
{Black resigns}
1-0

[Event "ICC tourney 2808 (40 10)"]
[Site "Internet Chess Club"]
[Date "2022.01.29"]
[Round "1"]
[White "JAIN, PARINYA:StockAlpha2020"]
[Black "THAVUTAM, MANVITH:ManvithT"]
[Result "1-0"]
[ICCResult "Black resigns"]
[WhiteElo "1288"]
[BlackElo "877"]
[Opening "King's pawn game"]
[ECO "C50"]
[NIC "IG.03"]
[Time "11:21:28"]
[PlyCount "65"]
[TimeControl "2400+10"]

1. e4 e5 2. Nf3 Nc6 3. Bc4 h6 4. O-O Nf6 5. Nc3 Be7 6. d3 O-O 7. h3 d6 8.
Be3 Be6 9. Nd5 Bxd5 10. exd5 Nb4 11. Bb3 Nbxd5 12. Bd2 Rc8 13. c4 Nb6 14.
Re1 Re8 15. c5 dxc5 16. Nxe5 Rf8 17. Qf3 c6 18. Ng6 Re8 19. Nxe7+ Rxe7 20.
Rxe7 Qxe7 21. Re1 Qd8 22. Qg3 Kh7 23. Bc2 g6 24. Qf4 g5 25. Qf5+ Kg8 26. Ba5
Nfd7 27. d4 Qf6 28. Qh7+ Kf8 29. dxc5 Nc4 30. Bc3 Nde5 31. b3 Na3 32. Bxe5
Qe6 33. Bd6+ {Black resigns} 1-0

[Event "ICC tourney 2808 (40 10)"]
[Site "Internet Chess Club"]
[Date "2022.01.29"]
[Round "1"]
[White "YOUNG, BRUCE:Brucehero"]
[Black "SATHYAN, TEJESH MAYURAN:tjsathyan"]
[Result "1-0"]
[ICCResult "Black checkmated"]
[WhiteElo "1234"]
[BlackElo "1169"]
[Opening "Sicilian defense"]
[ECO "B34"]
[NIC "SI.33"]
[Time "11:01:09"]
[PlyCount "97"]
[TimeControl "2400+10"]

1. e4 c5 2. Nf3 Nc6 3. d4 cxd4 4. Nxd4 g6 5. Be3 Bg7 6. Nc3 Nf6 7. f3 O-O 8.
Qd2 d5 9. Nxc6 bxc6 10. O-O-O e6 11. e5 Nd7 12. f4 c5 13. Nb5 d4 14. Bf2 Qb6
15. Nd6 Rb8 16. b3 Rd8 17. h4 h5 18. Be2 Ba6 19. g4 Bxe2 20. Qxe2 hxg4 21.
Qxg4 Bxe5 22. Nc4 Nf6 23. Qg5 Ne4 24. Qxe5 Qb7 25. Be1 Rf8 26. Rg1 Rfe8 27.
h5 f6 28. Rxg6+ Kf7 29. Nd6+ Ke7 30. Rg7+ Kf8 31. Rxb7 fxe5 32. Rxb8 Nxd6
33. Rxe8+ Kxe8 34. fxe5 Nf5 35. Bd2 Kf7 36. Rg1 Ne7 37. h6 Ng6 38. h7 Kg7
39. Rxg6+ Kxh7 40. Rxe6 Kg7 41. Rf6 a5 42. Bg5 c4 43. bxc4 d3 44. cxd3 a4
45. e6 Kh7 46. e7 Kg7 47. e8=Q Kh7 48. Qg6+ Kh8 49. Rf8# {Black checkmated}
1-0

[Event "ICC tourney 2808 (40 10)"]
[Site "Internet Chess Club"]
[Date "2022.01.29"]
[Round "1"]
[White "ASHOK, AMUDHAN:amudhanashok"]
[Black "SCHWARTZ, DOUGLAS S:Douglas1"]
[Result "0-1"]
[ICCResult "White checkmated"]
[WhiteElo "963"]
[BlackElo "1393"]
[Opening "Giuoco Piano"]
[ECO "C54"]
[NIC "IG.02"]
[Time "11:29:14"]
[PlyCount "60"]
[TimeControl "2400+10"]

1. e4 e5 2. Nf3 Nc6 3. Bc4 Bc5 4. c3 Nf6 5. d3 d6 6. O-O h6 7. Bb3 Bg4 8.
Nbd2 O-O 9. h3 Bh5 10. Re1 Re8 11. Nf1 Bg6 12. Ng3 Qd7 13. Nh4 Bh7 14. Qf3
Ne7 15. Bxh6 gxh6 16. Qxf6 Rf8 17. Qxh6 d5 18. exd5 Qd6 19. Qg5+ Kh8 20.
Rxe5 f6 21. Qg4 fxe5 22. Re1 Bxf2+ 23. Kh1 Bxe1 24. Nh5 Rg8 25. Qa4 Bxh4 26.
Qxh4 Qg6 27. g3 Nf5 28. Qc4 Nxg3+ 29. Nxg3 Qxg3 30. Qxc7 Qg2# {White
checkmated} 0-1

[Event "ICC tourney 2808 (40 10)"]
[Site "Internet Chess Club"]
[Date "2022.01.29"]
[Round "1"]
[White "Jones, Richard S:weakfish"]
[Black "AHN, WILLIAM TK:kitook"]
[Result "0-1"]
[ICCResult "White resigns"]
[WhiteElo "1422"]
[BlackElo "1045"]
[Opening "Ruy Lopez: closed, 7...O-O"]
[ECO "C88"]
[NIC "RL.17"]
[Time "11:00:37"]
[PlyCount "118"]
[TimeControl "2400+10"]

1. e4 e5 2. Nf3 Nc6 3. Bb5 a6 4. Ba4 Nf6 5. O-O Be7 6. Re1 b5 7. Bb3 O-O 8.
d3 d5 9. exd5 Nxd5 10. Nxe5 Nxe5 11. Rxe5 c6 12. Bxd5 cxd5 13. Qf3 Bb7 14.
Nc3 Qc7 15. Bf4 Bd6 16. Nxd5 Bxd5 17. Rxd5 Bxf4 18. g3 Bd6 19. c3 Qc6 20. c4
bxc4 21. dxc4 Rad8 22. b3 Be5 23. Rad1 a5 24. Kg2 Rxd5 25. Rxd5 Bc7 26. Qd3
Rd8 27. f3 Rxd5 28. cxd5 Qc5 29. Qe2 Bd6 30. Qe4 g6 31. Qc4 Qa3 32. Qc2 Qb4
33. Kh3 Kf8 34. f4 Ke7 35. f5 Qc5 36. Qe4+ Kf6 37. fxg6 hxg6 38. Qf3+ Ke7
39. Qe4+ Kf8 40. Qc4 f5 41. Qh4 Kg7 42. Qc4 g5 43. Kg2 Kf6 44. Kf3 Qxc4 45.
bxc4 Ke5 46. Ke3 f4+ 47. gxf4+ gxf4+ 48. Kf3 Kd4 49. h4 Kxc4 50. h5 Kxd5 51.
h6 Be5 52. h7 Kc4 53. Ke4 Bb2 54. Kxf4 Kb4 55. Ke3 Ka3 56. Kd3 Kxa2 57. Kc4
a4 58. Kb4 a3 59. Ka4 Kb1 {White resigns} 0-1

[Event "ICC tourney 2808 (40 10)"]
[Site "Internet Chess Club"]
[Date "2022.01.29"]
[Round "1"]
[White "BRUDNO, STEPHEN:StevChess01"]
[Black "MEI, ZERUI TITUS:Thankfulfortune"]
[Result "1-0"]
[ICCResult "Black checkmated"]
[WhiteElo "1440"]
[BlackElo "1080"]
[Opening "QGA: 3.e4"]
[ECO "D20"]
[NIC "QG.04"]
[Time "11:00:43"]
[PlyCount "97"]
[TimeControl "2400+10"]

1. d4 d5 2. c4 dxc4 3. e4 Nc6 4. Nf3 Bg4 5. d5 Bxf3 6. gxf3 Ne5 7. Bxc4 Qd7
8. Be2 O-O-O 9. Nc3 e6 10. Bf4 Bd6 11. Be3 Kb8 12. Qb3 b6 13. O-O-O Nf6 14.
f4 Neg4 15. e5 Nxe3 16. fxe3 Bc5 17. exf6 Bxe3+ 18. Kb1 gxf6 19. dxe6 Qxe6
20. Bc4 Rxd1+ 21. Rxd1 Qf5+ 22. Ka1 Bxf4 23. Rf1 Qg4 24. a3 Bxh2 25. Rxf6
Qg1+ 26. Ka2 Be5 27. Rxf7 Bxc3 28. Qxc3 Rd8 29. Qe5 Rc8 30. Rxh7 Qg4 31. Be6
Qg6 32. Rg7 Qe8 33. Rg8 Qc6 34. Rxc8+ Kb7 35. Bd5 Qxd5+ 36. Qxd5+ Kxc8 37.
Qa8+ Kd7 38. Qxa7 Kd6 39. Qb7 Kd7 40. Qd5+ Kc8 41. a4 Kb8 42. a5 bxa5 43.
Qxa5 Kb7 44. Qb5+ Kc8 45. Qc6 Kb8 46. b4 Kc8 47. b5 Kb8 48. b6 Kc8 49. Qxc7#
{Black checkmated}
1-0

[Event "ICC tourney 2808 (40 10)"]
[Site "Internet Chess Club"]
[Date "2022.01.29"]
[Round "1"]
[White "Goldblatt, Steven:SGOLD9367"]
[Black "LIU, JOSHUA:JoshuaJMLiu"]
[Result "1-0"]
[ICCResult "Black resigns"]
[WhiteElo "1348"]
[BlackElo "909"]
[Opening "Old Indian defense"]
[ECO "A53"]
[NIC "OI.04"]
[Time "11:00:55"]
[PlyCount "115"]
[TimeControl "2400+10"]

1. d4 Nf6 2. c4 d6 3. Nc3 e6 4. Bg5 Be7 5. e3 Nbd7 6. Bd3 b6 7. Nf3 Bb7 8.
O-O O-O 9. Rc1 c5 10. h3 Qc7 11. Qc2 g6 12. Nb5 Qc6 13. Nc3 Rfe8 14. e4 e5
15. d5 Qc8 16. Qd2 a6 17. Bh4 Qc7 18. a3 Nh5 19. Bxe7 Rxe7 20. Qh6 f6 21.
Qd2 Nf4 22. Ne2 Nxd3 23. Qxd3 Kg7 24. Nd2 Rf7 25. f4 Raf8 26. Qg3 b5 27. f5
g5 28. h4 h6 29. Qg4 Rh8 30. Ng3 Kf8 31. h5 Nb6 32. Qe2 Qd7 33. Rf3 Kg7 34.
Rb3 Nc8 35. cxb5 axb5 36. Qxb5 Qxb5 37. Rxb5 Ba6 38. Rb8 Rb7 39. Rxb7+ Bxb7
40. Ngf1 Nb6 41. Ne3 Ba6 42. Rc3 Kf7 43. Rb3 Nd7 44. Nec4 Bxc4 45. Nxc4 Ke7
46. Rb7 Rb8 47. Rxb8 Nxb8 48. Kf2 Kd7 49. Ke3 Kc7 50. Kd3 Nd7 51. Ne3 Kb6
52. Ng4 Kb5 53. Nxh6 c4+ 54. Ke3 Ka4 55. Kd2 Nc5 56. Kc3 Kb5 57. Nf7 Nxe4+
58. Kc2 {Black resigns} 1-0

[Event "ICC tourney 2808 (40 10)"]
[Site "Internet Chess Club"]
[Date "2022.01.29"]
[Round "1"]
[White "SISTA, HIMAJA:ChessGirl15"]
[Black "Nagarajan, Ramesh:rnagaraj"]
[Result "0-1"]
[ICCResult "White checkmated"]
[WhiteElo "685"]
[BlackElo "1201"]
[Opening "Sicilian defense"]
[ECO "B32"]
[NIC "SI.32"]
[Time "11:00:38"]
[PlyCount "116"]
[TimeControl "2400+10"]

1. e4 c5 2. Nf3 Nc6 3. d4 cxd4 4. Nxd4 d6 5. Be3 g6 6. Bc4 Nf6 7. Nc3 Bg7 8.
O-O O-O 9. f3 a6 10. a4 Bd7 11. Bb3 Na5 12. Ba2 e5 13. Nde2 Be6 14. Qd2 Bxa2
15. Rxa2 Nc4 16. Qd3 Nxe3 17. Qxe3 Qc7 18. Qd3 Rfd8 19. Rd1 Rd7 20. b4 Qb6+
21. Kh1 Qxb4 22. Rb1 Qc5 23. Rab2 Qc6 24. Nd5 Nxd5 25. Qxd5 Qxd5 26. exd5 e4
27. Rxb7 Rxb7 28. Rxb7 exf3 29. gxf3 Re8 30. Ng3 Be5 31. Ne4 Rc8 32. Rd7
Rxc2 33. Nxd6 Rc1+ 34. Kg2 Rc2+ 35. Kf1 Bxh2 36. Rd8+ Kg7 37. Ne8+ Kh6 38.
d6 Rd2 39. Ke1 Rd4 40. d7 Kg5 41. Ke2 Bf4 42. Ra8 Rxd7 43. Rxa6 Re7+ 44. Kd3
Rxe8 45. Ra5+ Kf6 46. Ra6+ Kg7 47. Rb6 Ra8 48. Rb4 Bg3 49. Kc4 h5 50. Kb5 h4
51. Kb6 Rb8+ 52. Ka5 Be1 53. Ka6 Rxb4 54. a5 h3 55. Ka7 h2 56. a6 h1=Q 57.
Ka8 Qxf3+ 58. Ka7 Bf2# {White checkmated} 0-1

[Event "ICC tourney 2808 (40 10)"]
[Site "Internet Chess Club"]
[Date "2022.01.29"]
[Round "1"]
[White "Steviejay"]
[Black "NANDURBARKAR, ANSH S:anandurbarkar"]
[Result "0-1"]
[ICCResult "White resigns"]
[WhiteElo "1000"]
[BlackElo "1009"]
[Opening "Queen's pawn game, Chigorin variation"]
[ECO "D02"]
[NIC "QP.08"]
[Time "11:01:38"]
[PlyCount "112"]
[TimeControl "2400+10"]

1. d4 d5 2. Nf3 Nc6 3. Bg5 Nf6 4. Bxf6 exf6 5. e3 a6 6. a3 Bg4 7. Be2 Bd6 8.
Nbd2 Qd7 9. c4 Qe6 10. c5 Be7 11. b4 O-O 12. O-O b6 13. Ne1 Bxe2 14. Qxe2
bxc5 15. bxc5 Nxd4 16. Qd3 Nc6 17. Nb3 Ne5 18. Qc2 Nc4 19. Nd4 Qg4 20. Nd3
Qg6 21. Qc3 Rfd8 22. Nc6 Re8 23. Rfb1 f5 24. Nxe7+ Rxe7 25. Rb7 Qc6 26. Rab1
h6 27. Rb8+ Rxb8 28. Rxb8+ Kh7 29. g3 f6 30. h4 Ne5 31. Nxe5 fxe5 32. Qb4 d4
33. Qc4 dxe3 34. fxe3 Qf3 35. Qg8+ Kg6 36. Kh2 Qxe3 37. Re8 Rxe8 38. Qxe8+
Kh7 39. h5 Qg5 40. Qxe5 Qxh5+ 41. Kg2 Qf7 42. c6 Kg6 43. Qd4 Qa2+ 44. Kh3
Qb1 45. Kh2 Qa2+ 46. Kh3 Qxa3 47. Qd7 Qa5 48. Qe8+ Kh7 49. Qe6 Qc5 50. Qd7
Qg1 51. Qxf5+ Kg8 52. Qc8+ Kh7 53. Qxc7 Qh1+ 54. Kg4 h5+ 55. Kf4 Qf1+ 56.
Kg5 Qf6+ {White resigns} 0-1

[Event "ICC tourney 2808 (40 10)"]
[Site "Internet Chess Club"]
[Date "2022.01.29"]
[Round "1"]
[White "RAMANATHAN, VARUN:Grasshopper411"]
[Black "CHANDRANI, AADI:soreairplane"]
[Result "1-0"]
[ICCResult "Black resigns"]
[WhiteElo "1062"]
[BlackElo "1434"]
[Opening "Sicilian: Grand Prix attack"]
[ECO "B23"]
[NIC "SI.44"]
[Time "11:00:41"]
[PlyCount "140"]
[TimeControl "2400+10"]

1. e4 c5 2. Nc3 Nc6 3. f4 e6 4. Nf3 d5 5. exd5 exd5 6. Bb5 a6 7. Bxc6+ bxc6
8. O-O Nf6 9. Re1+ Be7 10. d4 O-O 11. Ne5 Bd7 12. dxc5 Bxc5+ 13. Kh1 Re8 14.
Bd2 Rc8 15. Qf3 Bf5 16. Na4 Ba7 17. c3 Ne4 18. Be3 Bxe3 19. Qxe3 f6 20. Nd3
Qa5 21. Nac5 Nxc5 22. Qxc5 Qxc5 23. Nxc5 Ra8 24. h3 Be4 25. Nxe4 dxe4 26.
Rad1 f5 27. Rd4 Ra7 28. g4 g6 29. Rc4 Rc7 30. gxf5 gxf5 31. Rc5 Rf8 32. Ra5
Ra7 33. b4 Kg7 34. c4 Kf6 35. Rc5 Rc7 36. b5 axb5 37. cxb5 Rfc8 38. b6 Rb7
39. Rb1 Ke6 40. Kg2 Kd6 41. Rxf5 Ra8 42. Rf6+ Kc5 43. Rc1+ Kxb6 44. Rfxc6+
Ka7 45. a4 Rb2+ 46. Kf1 Rg8 47. R6c2 Rb3 48. Rf2 e3 49. Re2 Rg3 50. Rce1
Rxh3 51. Kg2 Rh4 52. Kg3 Rh6 53. Rxe3 Rxe3+ 54. Rxe3 Ra6 55. f5 Rxa4 56. f6
Rc4 57. f7 Rc8 58. Re8 Rc3+ 59. Kh4 Rc4+ 60. Kh5 Rc5+ 61. Kh6 Rc6+ 62. Kxh7
Rc7 63. Kg8 Rc1 64. Re7+ Kb6 65. f8=Q Rg1+ 66. Rg7 Rf1 67. Qxf1 Kc6 68. Qd3
Kc5 69. Rc7+ Kb6 70. Qc4 Ka5 {Black resigns} 1-0

[Event "ICC tourney 2808 (40 10)"]
[Site "Internet Chess Club"]
[Date "2022.01.29"]
[Round "2"]
[White "AHN, WILLIAM TK:kitook"]
[Black "Goldblatt, Steven:SGOLD9367"]
[Result "1-0"]
[ICCResult "Black resigns"]
[WhiteElo "1045"]
[BlackElo "1348"]
[Opening "French: Tarrasch"]
[ECO "C03"]
[NIC "FR.14"]
[Time "13:15:26"]
[PlyCount "25"]
[TimeControl "2400+10"]

1. e4 e6 2. d4 d5 3. Nd2 Ne7 4. Bd3 Nbc6 5. c3 a6 6. Ngf3 Na7 7. O-O dxe4 8.
Nxe4 Nd5 9. Re1 Be7 10. Ne5 Nf6 11. Ng5 h6 12. Ngxf7 O-O 13. Nxd8
{Black resigns}
1-0

[Event "ICC tourney 2808 (40 10)"]
[Site "Internet Chess Club"]
[Date "2022.01.29"]
[Round "2"]
[White "TOPA, RONALD:RonTopa"]
[Black "NAGINENI, SATHVIK HRIDAY:sathvik07"]
[Result "1-0"]
[ICCResult "Black resigns"]
[WhiteElo "1228"]
[BlackElo "787"]
[Opening "Nimzo-Indian defense"]
[ECO "E20"]
[NIC "NI.30"]
[Time "13:15:21"]
[PlyCount "45"]
[TimeControl "2400+10"]

1. d4 Nf6 2. c4 e6 3. Nc3 Bb4 4. Bd2 Bxc3 5. Bxc3 d5 6. e3 Bd7 7. Nf3 O-O 8.
Bd3 dxc4 9. Bxc4 Nc6 10. O-O Qe7 11. h3 Rad8 12. a3 a6 13. b4 b5 14. Bb3 Na7
15. Bc2 Bc6 16. Ne5 Be4 17. Rc1 Rd5 18. Bb3 Rdd8 19. Bb2 Qd6 20. f3 Ba8 21.
e4 Nc6 22. Nxc6 Bxc6 23. e5 {Black resigns} 1-0